 Dungeon Crawl Stone Soup version 0.30-a0-937-ga0a21ad780 (webtiles) character file.

Game seed: 2949606041938499800

85136 jimonade the Severer (level 15, -2/141 HPs)
             Began as a Hill Orc Fighter on Mar 24, 2023.
             Was the Champion of Beogh.
             Killed from afar by a tengu reaver (14 damage)
             ... with a bolt of cold
             ... on level 1 of the Vaults.
             The game lasted 01:06:09 (20583 turns).

jimonade the Severer (Hill Orc Fighter)            Turns: 20583, Time: 01:06:10

Health: -2/141     AC: 31    Str: 25    XL:     15   Next: 82%
Magic:  27/27      EV:  9    Int: 12    God:    Beogh [******]
Gold:   2640       SH: 17    Dex: 19    Spells: 14/14 levels left

rFire   + + .      SeeInvis .    a - +2 hand axe (venom)
rCold   + . .      Faith    +    U - +0 tower shield of Dramatic Exits {rF+ Int+2 Dex+3}
rNeg    . . .      Spirit   .    n - +5 gold dragon scales
rPois   +          Reflect  .    D - +1 helmet
rElec   .          Rampage  .    g - +2 cloak of Teixzoth {Dex+6}
rCorr   .                        o - +0 pair of gloves
Will    +....                    Y - +2 pair of boots {Fly} Stlth
                                 T - amulet of faith
HPRegen 0.43/turn                K - +5 ring of evasion
MPRegen 0.20/turn                O - +4 ring of slaying

@: corroded, flying
A: walk on water
a: Renounce Religion, Smiting, Recall Orcish Followers, Give Item to Named
Follower, Resurrection


You were on level 1 of the Vaults.
You worshipped Beogh.
Beogh was exalted by your worship.
You visited 4 branches of the dungeon, and saw 21 of its levels.
You also visited: Sewer and Bailey.

You collected 2640 gold pieces.

Inventory:

Hand Weapons
 a - a +2 hand axe of venom (weapon)
 b - a +5 battleaxe of freezing
 Z - a +0 halberd
Missiles
 m - 4 javelins (quivered)
 C - 8 curare-tipped darts
 F - 18 poisoned darts
 W - 6 throwing nets
Armour
 g - the +2 cloak of Teixzoth (worn) {Dex+6}
   (You found it on level 3 of the Dungeon)

   Dex:       It affects your dexterity (+6).
 n - +5 gold dragon scales (worn)
 o - a +0 pair of gloves (worn)
 D - a +1 helmet (worn)
 U - the +0 tower shield of Dramatic Exits (worn) {rF+ Int+2 Dex+3}
   (You found it on level 2 of the Orcish Mines)

   Int:       It affects your intelligence (+2).
   Dex:       It affects your dexterity (+3).
   rF:        It protects you from fire.
 Y - a +2 pair of boots of flying (worn)
Jewellery
 c - an amulet of reflection
 p - a ring of see invisible
 v - a ring of poison resistance
 K - a +5 ring of evasion (left hand)
 O - a +4 ring of slaying (right hand)
 Q - a ring of willpower
 S - a ring of protection from fire
 T - an amulet of faith (around neck)
Wands
 f - a wand of paralysis (13)
 G - a wand of flame (64)
 L - a wand of digging (9)
 N - a wand of roots (30)
 P - a wand of polymorph (16)
 V - a wand of acid (7)
Scrolls
 i - a scroll of amnesia
 l - 5 scrolls of summoning
 t - 3 scrolls of magic mapping
 w - 2 scrolls of blinking
 y - a scroll of silence
 z - 4 scrolls of fear
 B - a scroll of brand weapon
 E - 2 scrolls of poison
 H - 3 scrolls of enchant weapon
 J - 15 scrolls of identify
 M - a scroll of fog
 R - 4 scrolls of teleportation
Potions
 d - 3 potions of might
 h - 2 potions of cancellation
 j - 7 potions of brilliance
 k - 7 potions of lignification
 q - 5 potions of mutation
 r - 5 potions of haste
 s - 7 potions of heal wounds
 u - 4 potions of berserk rage
 x - 5 potions of attraction
 A - a potion of ambrosia
 I - 3 potions of invisibility
 X - 5 potions of curing
Miscellaneous
 e - a phantom mirror


   Skills:
 + Level 15.3 Fighting
 - Level 20.0 Axes
 + Level 2.1 Throwing
 + Level 13.1 Armour
 - Level 3.8 Dodging
 - Level 0.8 Stealth
 + Level 8.6 Shields
 * Level 16.5 Invocations


You had 14 spell levels left.
You didn't know any spells.
Your spell library contained the following spells:

 Spells                   Type           Power      Damage    Failure   Level
 Necrotise                Necr           0%         1d4       100%        1
 Blink                    Tloc           0%         N/A       100%        2
 Cigotuvi's Dreadful Rot  Necr/Pois/Air  0%         N/A       100%        2
 Lesser Beckoning         Tloc           0%         N/A       100%        2
 Momentum Strike          Conj/Tloc      0%         3d8       100%        2
 Gell's Gravitas          Tloc           0%         N/A       100%        3
 Teleport Other           Tloc           0%         N/A       100%        3
 Vampiric Draining        Necr           0%         2d6       100%        3
 Agony                    Necr           0%         N/A       100%        5
 Summon Forest            Summ/Tloc      0%         N/A       100%        5
 Summon Mana Viper        Hex/Summ       0%         N/A       100%        5
 Conjure Ball Lightning   Conj/Air       0%         3x3d6     100%        6
 Dispersal                Tloc           0%         N/A       100%        6
 Summon Cactus Giant      Summ           0%         N/A       100%        6
 Ozocubu's Refrigeration  Ice            0%         4d7       100%        7
 Discord                  Hex            0%         N/A       100%        8
 Disjunction              Tloc           0%         N/A       100%        8
 Necromutation            Tmut/Necr      0%         N/A       100%        8


Dungeon Overview and Level Annotations

Branches:
Dungeon (13/15)            Temple (0/1) D:6            Lair (5/5) D:11
 Shoals (0/4) Lair:2       Spider (0/4) Lair:2          Orc (2/2) D:10
    Elf (0/3) Orc:2        Vaults (1/5) D:13          Sewer (visited)
 Bailey (visited)
  Slime: Lair:4-5

Altars:
Cheibriados
Gozag
Ru
Xom
Beogh

Shops:
D:5 (   Orc:2 ::=[

Annotations:
D:13 2 transporters, Nabski's ghost, journeyman TeFE


Message History

You kill the vault guard!
Beogh accepts your kill.
A deep elf sorcerer comes into view. It is wielding a +0 dagger.
You block the tengu reaver's attack. x3
You hit the vault guard but do no damage.
You closely miss the tengu reaver.
Ugrim no longer looks unusually strong.
Your orc warlord roars a battlecry!
Ugrim goes into a battle-frenzy!
You block the vault guard's attack. The tengu reaver closely misses you.
The tengu reaver pecks you but does no damage.
The tengu reaver claws you but does no damage.
You hit the vault guard.
The vault guard is poisoned.
The vault guard is lightly wounded.
You hit the tengu reaver but do no damage.
The tengu reaver looks as sick as possible!
You block the vault guard's attack.
You hit the vault guard but do no damage.
The vault guard looks even sicker.
The vault guard is lightly wounded.
You slash the tengu reaver! You block the tengu reaver's attack. x2
The tengu reaver claws you but does no damage.
The vault guard hits you with a +0 battleaxe!
* * * LOW HITPOINT WARNING * * *
You swap places.
Your orc warlord no longer looks unusually strong.
The tengu reaver hits your orc warlord with a +0 great mace!!
The tengu reaver pecks your orc warlord but does no damage.
The tengu reaver claws your orc warlord but does no damage.
Your orc warlord closely misses the tengu reaver.
Your orc warlord hits the vault guard with a +4 heavy battleaxe!!
A yaktaur comes into view.
The vault guard hits your orc warlord with a +0 battleaxe!
You swap places.
Ugbert no longer looks unusually strong.
The tengu reaver gestures at you while chanting.
The bolt of cold hits your orc warlord!!!
Your orc warlord dies!
The bolt of cold hits Ugrim!!
The bolt of cold hits you! You resist.
You die...

#)#).o#.#.# .#.###)#.## .#
#.#)#)#.#.# .# .#.#.#.#.##
..# #.#...#.#.# ..#
#########'######### ...#
#.........4##...#c.
#.....)...3#Q...'.#
########....)..)@o)pCe.'.#
.......'....)))..o##...#..
.......#....))....# ..#
.......#..........# .#
##.#..)#..........# # #
#..o############ #..o#
#..o# ####..o#


You could see a frost giant, a tengu reaver (very poisoned, ally target), a
vault guard (very poisoned, ally target), a deep elf sorcerer, the friendly
Ugbert the orc knight, a friendly sun demon (summoned), a friendly chaos spawn
(summoned) and the friendly Ugrim the orc sorcerer (strong).

Vanquished Creatures
  3 ironbound preservers (Vaults:1)
  An ironbound thunderhulk (Vaults:1)
  The ghost of bigduke15 the Geomancer, a journeyman GrEE of Vehumet (Orc:2)
  Josephine (D:11)
  A hydra (Lair:3)
  3 centaur warriors
  3 vault guards (Vaults:1)
  3 two-headed ogres
  Erica (D:8)
  A catoblepas (Lair:2)
  2 boulder beetles
  7 death yaks (Lair:4)
  An orc high priest (Orc:2)
  Amaemon (D:8)
  3 deep trolls (Vaults:1)
  A harpy (shapeshifter) (D:13)
  2 deep elf zephyrmancers (Orc:2)
  2 wolf spiders (Lair:5)
  3 orc knights
  2 manticores (D:13)
  An orc sorcerer (Orc:2)
  2 cyclopes
  2 black mambas
  A merfolk siren (Lair:2)
  8 cane toads
  12 elephants
  2 unseen horrors
  A guardian serpent (Lair:5)
  3 orange demons (D:13)
  2 vault sentinels (Vaults:1)
  A gargoyle (D:13)
  3 rime drakes
  Psyche (D:8)
  2 kobold demonologists (D:11)
  3 komodo dragons
  A yaktaur (Vaults:1)
  A polar bear (Lair:5)
  3 hornets
  4 trolls
  6 blink frogs
  A shadow (D:10)
  4 slime creatures
  4 wyverns (Lair:5)
  30 yaks
  3 steam dragons
  A basilisk (Lair:3)
  2 vampire mosquitoes (D:13)
  Edmund (D:6)
  2 acid dragons
  6 wargs (Orc:2)
  11 water moccasins
  5 orc warriors
  4 ice beasts
  2 black bears (Lair:2)
  Pargi (Sewer)
  4 sky beasts
  4 wolves
  2 phantoms (D:4)
  3 centaurs
  3 ogres
  4 kobold brigands
  8 bullfrogs
  6 scorpions
  7 wights
  A troll zombie (D:10)
  6 killer bees (D:7)
  An electric eel (Lair:2)
  8 howler monkeys
  8 orc priests
  2 hounds
  7 iguanas
  4 hell rats (Lair:4)
  8 orc wizards
  A polar bear simulacrum (Lair:5)
  3 ogre zombies (D:10)
  Robin (D:4)
  19 gnolls
  11 adders
  A shadow imp (D:5)
  A white imp (D:5)
  A worm (D:2)
  2 dart slugs
  25 orcs
  3 bats
  5 endoplasms
  19 goblins
  12 hobgoblins
  A jackal (D:1)
  5 quokkas
  7 ball pythons
  5 frilled lizards
  3 goblin zombies (D:10)
  26 kobolds
  6 orc zombies (D:10)
  10 rats
  A river rat simulacrum (Lair:5)
432 creatures vanquished.

Vanquished Creatures (collateral kills)
  An orc warlord (Orc:2)
  An ironbound thunderhulk (Vaults:1)
  Harold (Lair:2)
  2 vault guards (Vaults:1)
  2 yaktaur captains (Vaults:1)
  2 catoblepae
  2 centaur warriors (Vaults:1)
  2 hydras
  A two-headed ogre (D:11)
  4 orc high priests (Orc:2)
  7 death yaks (Lair:4)
  10 deep trolls
  2 wizards
  A phantasmal warrior (D:13)
  An ironbound convoker (Vaults:1)
  6 deep elf pyromancers (Orc:2)
  A necromancer (Lair:5)
  A lindwurm (Lair:3)
  2 deep elf zephyrmancers (Orc:2)
  2 cyclopes
  2 manticores
  11 elephants
  5 black mambas
  A gargoyle (D:12)
  9 cane toads
  2 torpor snails
  An orange demon (D:8)
  3 yaktaurs (Vaults:1)
  3 komodo dragons
  6 trolls
  3 hornets
  8 blink frogs
  4 dream sheep (Lair:5)
  10 slime creatures
  4 shadows
  A vampire (D:11)
  A yak (shapeshifter) (D:13)
  19 yaks
  4 wraiths (D:11)
  7 wyverns
  A redback (Lair:5)
  4 basilisks
  2 vampire mosquitoes
  5 wargs
  2 acid dragons (D:11)
  A floating eye (D:11)
  6 water moccasins
  5 orc warriors
  2 black bears
  10 wolves
  3 centaurs
  A phantom (D:10)
  A kobold brigand (D:11)
  3 bullfrogs
  2 scorpions (D:13)
  A wight (D:9)
  3 howler monkeys
  11 orc priests
  A gnoll bouda (D:9)
  3 hell rats (Lair:4)
  An orc wizard (D:11)
  3 polar bear simulacra (Lair:5)
  3 yak simulacra (Lair:5)
  3 wolf simulacra (Lair:5)
  2 ogre zombies (D:10)
  14 orcs
  5 gnolls
  3 goblins
  A hobgoblin (Bailey)
  A ball python (D:8)
  A goblin zombie (D:10)
  A hobgoblin skeleton (D:10)
  2 hobgoblin zombies (D:10)
  8 kobolds
  An orc skeleton (D:10)
  5 orc zombies (D:10)
  A fungus (Lair:5)
277 creatures vanquished.

Vanquished Creatures (others)
  2 orc warlords (Vaults:1)
  3 orc sorcerers
  An orc high priest (Orc:2)
  3 orc knights
  21 orc priests
  10 orc warriors
  3 orc wizards
  40 orcs
  38 fungi
  69 plants
  A withered plant (D:2)
191 creatures vanquished.

Grand Total: 900 creatures vanquished

Notes
Turn   | Place    | Note
-------+----------+-------------------------------------------
     0 | D:1      | jimonade the Hill Orc Fighter began the quest for the Orb.
     0 | D:1      | Reached XP level 1. HP: 19/19 MP: 1/1
    60 | D:1      | Reached XP level 2. HP: 27/27 MP: 2/2
   388 | D:1      | Reached skill level 3 in Axes
   557 | D:2      | Reached XP level 3. HP: 31/33 MP: 3/3
   656 | D:2      | Found a faded altar of an unknown god.
   807 | D:2      | Reached XP level 4. HP: 41/41 MP: 4/4
  1055 | D:3      | Identified the +2 cloak of Teixzoth {Dex+6}
  1120 | D:3      | Found a glowing drain.
  1125 | Sewer    | Entered a sewer
  1150 | Sewer    | Noticed Pargi
  1167 | Sewer    | Killed Pargi
  1168 | Sewer    | Reached skill level 5 in Axes
  1168 | Sewer    | Reached skill level 1 in Dodging
  1168 | Sewer    | Reached XP level 5. HP: 20/47 MP: 5/5
  2507 | D:4      | Reached XP level 6. HP: 53/53 MP: 6/6
  2610 | D:4      | Became a worshipper of Beogh the Brigand
  2680 | D:4      | Reached skill level 6 in Axes
  2725 | D:4      | Noticed Robin
  2736 | D:4      | Killed Robin
  2987 | D:4      | Noticed a sky beast
  3010 | D:4      | Killed a sky beast
  3011 | D:4      | Reached skill level 5 in Fighting
  3142 | D:4      | Reached skill level 7 in Axes
  3142 | D:4      | Reached XP level 7. HP: 61/61 MP: 7/7
  3327 | D:4      | Reached * piety under Beogh
  3508 | D:4      | Reached skill level 8 in Axes
  3508 | D:4      | Reached skill level 1 in Invocations
  3607 | D:4      | Found a shimmering altar of Xom.
  3793 | D:5      | Entered Level 5 of the Dungeon
  3838 | D:5      | Reached XP level 8. HP: 69/69 MP: 9/9
  3845 | D:5      | Found Ymatwoq's Antique Weapon Boutique.
  4274 | D:5      | Reached skill level 5 in Armour
  4277 | D:5      | Reached skill level 9 in Axes
  4942 | D:6      | Found a staircase to the Ecumenical Temple.
  4989 | D:6      | Reached ** piety under Beogh
  4990 | D:6      | Reached skill level 5 in Invocations
  4990 | D:6      | Reached XP level 9. HP: 78/78 MP: 12/12
  5053 | D:6      | Reached skill level 10 in Axes
  5065 | D:6      | Noticed Edmund
  5079 | D:6      | Killed Edmund
  5774 | D:6      | Found an opulent altar of Gozag.
  6018 | D:7      | Reached skill level 5 in Shields
  6092 | D:7      | Reached skill level 11 in Axes
  6649 | D:7      | Reached *** piety under Beogh
  6791 | D:8      | Noticed Amaemon
  6791 | D:8      | Noticed an orange demon
  6857 | D:8      | Noticed Psyche
  6876 | D:8      | Killed Psyche
  6877 | D:8      | Reached XP level 10. HP: 88/88 MP: 15/15
  6991 | D:8      | Found a flagged portal.
  7002 | Bailey   | Entered a bailey
  7019 | Bailey   | Noticed an orc knight
  7074 | Bailey   | Killed an orc knight
  7379 | D:8      | Killed an orange demon
  7380 | D:8      | Reached skill level 12 in Axes
  7401 | D:8      | Killed Amaemon
  7402 | D:8      | Reached skill level 1 in Throwing
  7485 | D:8      | Noticed Erica
  7504 | D:8      | Killed Erica
  7685 | D:8      | Found a snail-covered altar of Cheibriados.
  7930 | D:8      | Found a sacrificial altar of Ru.
  7938 | D:8      | Reached **** piety under Beogh
  8013 | D:8      | Noticed a guardian serpent
  8407 | D:9      | Noticed a two-headed ogre
  8416 | D:9      | Reached skill level 13 in Axes
  8422 | D:9      | Killed a two-headed ogre
  8423 | D:9      | Reached XP level 11. HP: 81/95 MP: 17/17
  9096 | D:10     | Entered Level 10 of the Dungeon
  9594 | D:10     | Found a staircase to the Orcish Mines.
  9601 | D:10     | Reached ***** piety under Beogh
 10312 | D:11     | Found a staircase to the Lair.
 10394 | D:11     | Noticed a cyclops
 10400 | D:11     | Noticed a two-headed ogre
 10401 | D:11     | Killed a cyclops
 10402 | D:11     | Reached skill level 14 in Axes
 10406 | D:11     | Killed a two-headed ogre
 10552 | D:11     | Noticed Josephine
 10564 | D:11     | Killed Josephine
 10655 | D:11     | Reached skill level 10 in Invocations
 10660 | D:11     | Noticed a two-headed ogre
 10669 | D:11     | Killed a two-headed ogre
 10672 | D:11     | Noticed a boulder beetle
 10688 | D:11     | Killed a boulder beetle
 10814 | D:11     | Gained Ugbert as an ally
 10815 | D:11     | Noticed a cyclops
 10818 | D:11     | Gained Arkwar as an ally
 10826 | D:11     | Killed a cyclops
 10908 | D:11     | Got Liun's Enchiridion on the Chill and Misery
 10923 | D:11     | Reached XP level 12. HP: 99/106 MP: 19/19
 11080 | D:11     | Reached skill level 10 in Fighting
 11249 | D:11     | Paralysed by a floating eye for 3 turns
 11255 | D:11     | Paralysed by a floating eye for 2 turns
 11265 | D:11     | Reached skill level 15 in Axes
 11304 | D:11     | Killed a two-headed ogre
 11339 | D:11     | Reached ****** piety under Beogh
 12235 | D:13     | Found a transporter.
 12369 | D:13     | Noticed a four-headed hydra
 12377 | D:13     | Killed a six-headed hydra
 12793 | D:13     | Noticed a centaur warrior
 12797 | D:13     | Killed a centaur warrior
 13027 | D:13     | Identified the +1 giant spiked club of Okipal {freeze,
                  | rF+++ Str+4 Int+4 Dex-3}
 13027 | D:13     | Noticed a two-headed ogre
 13029 | D:13     | Noticed a two-headed ogre
 13029 | D:13     | Noticed a two-headed ogre
 13029 | D:13     | Noticed Nabski's ghost (journeyman TeFE)
 13029 | D:13     | Noticed a two-headed ogre
 13030 | D:13     | Found a transporter.
 13030 | D:13     | Noticed a two-headed ogre
 13030 | D:13     | Noticed a two-headed ogre
 13030 | D:13     | Noticed a two-headed ogre
 13039 | D:13     | Noticed a two-headed ogre
 13334 | D:13     | Reached skill level 10 in Armour
 13344 | D:13     | Reached XP level 13. HP: 111/116 MP: 20/22
 13361 | D:13     | Found a gate to the Vaults.
 13501 | Lair:1   | Entered Level 1 of the Lair of Beasts
 13514 | Lair:1   | Gained Spirok as an ally
 13515 | Lair:1   | Reached skill level 16 in Axes
 14472 | Lair:2   | Reached skill level 17 in Axes
 14551 | Lair:2   | Identified the +0 robe "Inesenk" {Rampage rF++ rC- rN+}
 14713 | Lair:2   | Found a staircase to the Shoals.
 14941 | Lair:2   | Found a hole to the Spider Nest.
 14954 | Lair:2   | Noticed Harold
 14962 | Lair:2   | Killed Harold
 15688 | Lair:3   | Reached skill level 18 in Axes
 16048 | Lair:3   | Reached XP level 14. HP: 125/127 MP: 24/24
 16314 | Lair:4   | Gained Murdo as an ally
 16399 | Lair:4   | Reached skill level 19 in Axes
 16600 | Lair:4   | Gained Ugrim as an ally
 16865 | Lair:5   | Entered Level 5 of the Lair of Beasts
 17206 | Lair:5   | Reached skill level 20 in Axes
 17457 | Lair:5   | Identified the +1 ring mail "Puclua Cumnu" {rCorr}
 17696 | Lair:5   | Reached skill level 15 in Invocations
 17861 | Lair:5   | Reached XP level 15. HP: 50/133 MP: 23/26
 17861 | Lair:5   | Your ally Murdo died
 18433 | Orc:1    | Entered Level 1 of the Orcish Mines
 18765 | Orc:2    | Entered Level 2 of the Orcish Mines
 19141 | Orc:2    | Found a staircase to the Elven Halls.
 19158 | Orc:2    | Found Ryneutin's Armour Shop.
 19158 | Orc:2    | Found Tekunixzo's Jewellery Emporium.
 19213 | Orc:2    | Noticed an orc warlord
 19548 | Orc:2    | Found a runed translucent gate.
 19549 | Orc:2    | Found a runed translucent gate.
 19550 | Orc:2    | Found a runed translucent gate.
 19550 | Orc:2    | Identified the +0 plate armour of Filth {Will- Int-5 Dex+7
                  | Stlth+}
 19550 | Orc:2    | Noticed an orc warlord
 19552 | Orc:2    | Noticed bigduke15's ghost (journeyman GrEE)
 19562 | Orc:2    | Found a roughly hewn altar of Beogh.
 19562 | Orc:2    | Found the +3 pair of seven-league boots {Rampage+∞}
 19570 | Orc:2    | Killed an orc warlord
 19580 | Orc:2    | Killed bigduke15's ghost
 19591 | Orc:2    | Identified the +0 tower shield of Dramatic Exits {rF+ Int+2
                  | Dex+3}
 19717 | Orc:2    | Found a roughly hewn altar of Beogh.
 19734 | Orc:2    | Found Beohuuc's Book Shop.
 19788 | Orc:2    | Found Luopun's Book Emporium.
 19795 | Orc:2    | Gained Borgk as an ally
 19905 | Orc:2    | Upgraded the game from 0.30-a0-930-gb9d0489357 to
                  | 0.30-a0-937-ga0a21ad780
 20092 | Vaults:1 | Entered Level 1 of the Vaults
 20143 | Vaults:1 | Reached skill level 15 in Fighting
 20289 | Vaults:1 | Your ally Arkwar died
 20492 | Vaults:1 | Your ally Borgk died
 20513 | Vaults:1 | Your ally Spirok died
 20571 | Vaults:1 | Noticed a tengu reaver
 20575 | Vaults:1 | Noticed a frost giant
 20578 | Vaults:1 | Noticed a deep elf sorcerer
 20583 | Vaults:1 | Killed from afar by a tengu reaver

Illustrated notes

Levels and vault maps discovered:
D:1:      mrwooster_arrival_statue_3, layout_rooms, minmay_octomino_e4
D:2:      layout_rooms, shapermc_ecumenical_altar_flowoftime, nrook_campfire,
          minmay_misc_feat_encased
D:3:      layout_basic, portal_sewer_entry_e
D:4:      layout_layer_cave, mainiacjoe_overflow_surrounded_room,
          minmay_quantized, uniq_robin
D:5:      layout_loops_ring, serial_shops, nicolae_inconvenience_store,
          serial_bayou_pond_a
D:6:      layout_layer_cave, overflow_temple_1_default,
          minmay_temple_entry_ruins, minivault_11, uniq_edmund
D:7:      layout_rooms, lightli_orcish_oven
D:8:      hangedman_cross_veins, layout_cave_pods,
          nicolae_ru_great_annihilating_truth, mainiacjoe_overflow_chevrons,
          enter_bailey_7, uniq_erica, uniq_psyche, uniq_amaemon
D:9:      layout_irregular_city, grunt_ministairs_6
D:10:     layout_layer_cave, zombieorc1_lemuel
D:11:     layout_irregular_city, erik_lair_orcish_takeover, onia_ninara_cookie,
          uniq_josephine
D:12:     layout_rooms
D:13:     layout_long_grid, david_vaults_4, gammafunk_ghost_smash,
          serial_rivers, chequers_serial_rivers_small_b,
          chequers_serial_rivers_micro_e, chequers_serial_rivers_micro_b,
          chequers_serial_rivers_large_b, einodemon_barbed_minivault
Lair:1:   layout_chaotic_city
Lair:2:   layout_hall_layers, minmay_shoals_entry_lonely_mermaid,
          dummy_spider_entry, gammafunk_lair_bear_cave, grunt_megastairs_2,
          lemuel_fruit_fields, uniq_harold
Lair:3:   cheibrodos_lair_overgrown_chateau, layout_regular_city,
          lemuel_fruit_tree, infiniplex_staircase_pool
Lair:4:   layout_cave_shapes, slime_entry_1, beast_lair_carwin_5
Lair:5:   hangedman_lair_tendril_chambers, layout_hall_layers,
          eino_house_with_fridge
Orc:1:    layout_diamond_mine
Orc:2:    st_orc_town, layout_caves, biasface_ghost_orc_armoury,
          elves_outpost_lemuel
Vaults:1: v_pattern_4, hangedman_vaults_restitches,
          nicolae_vaults_network_quincunx
          [nicolae_vaults_network_quincunx_subvault,
          nicolae_vaults_network_quincunx_subvault,
          nicolae_vaults_network_quincunx_subvault,
          nicolae_vaults_network_quincunx_subvault,
          nicolae_vaults_network_quincunx_subvault], v_misc_1, st_greater_box_2,
          hangedman_vaults_hat, ontoclasm_vaults_decontamination,
          hangedman_vaults_slice, v_misc_22, layout_vaults_maze, enter_trove_1

Skill      XL: |  1  2  3  4  5  6  7  8  9 10 11 12 13 14 15 |
---------------+----------------------------------------------+-----
Fighting       | 4 5 6 7 8 9 11 12 14 15 | 15.3
Axes           | 3 5 7 8 9 11 13 14 15 18 20 | 20.0
Dodging        | 1 2 3 |  3.8
Shields        | 4 5 6 7 8 |  8.6
Armour         | 4 5 6 8 10 11 13 | 13.1
Invocations    | 1 5 7 8 10 12 13 15 16 | 16.5
Throwing       | 2 |  2.1
Stealth        | |  0.8

Action                     |  1- 3 |  4- 6 |  7- 9 | 10-12 | 13-15 || total
---------------------------+-------+-------+-------+-------+-------++-------
  Melee: War axe           |    89 |   168 |   225 |    37 |       ||   519
         Hand axe          |       |       |   100 |   371 |   113 ||   584
         Battleaxe         |       |       |       |    26 |   312 ||   338
  Throw: Dart              |       |       |       |     7 |       ||     7
         Javelin           |       |       |       |     6 |       ||     6
         Throwing net      |       |       |       |     1 |       ||     1
 Invoke: Convert to Beogh  |       |     1 |       |       |       ||     1
         Smiting           |       |       |     1 |     3 |    11 ||    15
         Recall Orcish Fol |       |       |       |    15 |    14 ||    29
         Give Item to Name |       |       |       |     2 |     1 ||     3
         Stop Recall       |       |       |       |       |     1 ||     1
    Use: Scroll            |       |     4 |    10 |    19 |       ||    33
         Potion            |       |       |       |     1 |       ||     1
   Stab: Distracted        |       |       |       |     3 |    13 ||    16
         Confused          |       |       |       |     3 |       ||     3
         Held in net/web   |       |       |       |     1 |       ||     1
         Paralysed         |       |       |       |     2 |     2 ||     4
 Armour: Scale mail        |     5 |       |       |       |       ||     5
         Ring mail         |    23 |   105 |    83 |    29 |       ||   240
         Skin              |       |       |     2 |       |       ||     2
         Gold dragon scale |       |       |       |   254 |   252 ||   506
  Dodge: Dodged            |    54 |    72 |   176 |   222 |   187 ||   711
  Block: Buckler           |    21 |    47 |    65 |    96 |       ||   229
         Tower shield      |       |       |       |       |    93 ||    93

Table legend: (Time is in decaauts)
 A = Elapsed time spent in this place.
 B = Non-inter-level travel time spent in this place.
 C = Inter-level travel time spent in this place.
 D = Time resting spent in this place.
 E = Time spent auto-exploring this place.
 F = Levels seen in this place.
 G = Mean time per level.
                   A        B        C        D        E       F      G
               +--------+--------+--------+--------+--------+-----+--------+
         Total |  20566 |  19604 |    962 |   1104 |  12844 |  23 |  894.2 |
       Dungeon |  13108 |  12389 |    719 |    806 |   8131 |  13 | 1008.3 |
          Lair |   4819 |   4669 |    150 |     67 |   3489 |   5 |  963.8 |
  Orcish Mines |   1531 |   1439 |     92 |      0 |   1064 |   2 |  765.5 |
        Vaults |    482 |    482 |      0 |    137 |      0 |   1 |  482.0 |
         Sewer |    302 |    302 |      0 |     94 |     89 |   1 |  302.0 |
        Bailey |    322 |    322 |      0 |      0 |     71 |   1 |  322.0 |
               +--------+--------+--------+--------+--------+-----+--------+

Top non-repeatable levels by time:
    D:13: 1470 daAuts
  Lair:5: 1438 daAuts
     D:4: 1403 daAuts
    D:11: 1347 daAuts
   Orc:2: 1192 daAuts
     D:6: 1160 daAuts
     D:3: 1135 daAuts
    D:10: 1107 daAuts
     D:9: 1021 daAuts
  Lair:2: 993 daAuts
     D:5: 968 daAuts
  Lair:3: 943 daAuts
     D:8: 929 daAuts
     D:7: 921 daAuts
  Lair:1: 851 daAuts
